 Dungeon Crawl Stone Soup version 0.26.0-10-g1f06aea511 (webtiles) character file.

Game seed: 13967033005206311112

21 MajorAdolf the Skirmisher (level 2, -1/28 HPs)
             Began as a Naga Wanderer on Jan 16, 2021.
             Slain by a jackal (2 damage)
             ... on level 2 of the Dungeon.
             The game lasted 00:00:53 (1170 turns).

MajorAdolf the Skirmisher (Naga Wanderer)           Turns: 1170, Time: 00:00:54

Health: -1/28      AC:  1    Str: 15    XL:     2   Next: 83%
Magic:  2/2        EV:  9    Int: 11    God:
Gold:   115        SH:  0    Dex: 10    Spells: 1/1 levels left

rFire    . . .     SeeInvis +   a - +2 spear
rCold    . . .     Faith    .   (no shield)
rNeg     . . .     Spirit   .   d - +0 robe
rPois    +         Reflect  .   (no helmet)
rElec    .         Harm     .   (no cloak)
rCorr    .         Rampage  .   (no gloves)
Will     .....                  (no barding)
Stlth    ++........             (no amulet)
HPRegen  0.09/turn              (no ring)
MPRegen  0.08/turn              (no ring)

@: very slow
A: large, see invisible, deformed body, poison resistance, slowness 2, spit
poison 1, AC +0
a: Spit Poison


You were on level 2 of the Dungeon.
You visited 1 branch of the dungeon, and saw 2 of its levels.

You collected 115 gold pieces.

Inventory:

Hand Weapons
 a - a +2 spear (weapon)
 e - a +0 dagger
Armour
 d - a +0 robe (worn)
Jewellery
 m - an uncursed ring of poison resistance {unknown}
Scrolls
 c - a scroll of teleportation
 h - 2 scrolls of identify {unknown}
 i - a scroll of enchant armour {unknown}
 j - 2 scrolls of immolation {unknown}
 k - a scroll of fear {unknown}
Potions
 f - 2 potions of curing {unknown}
 g - a potion of attraction {unknown}
 l - a potion of cancellation {unknown}


   Skills:
 + Level 3.3 Fighting
 - Level 1.0 Maces & Flails
 - Level 2.0 Polearms
 + Level 1.4 Armour
 + Level 1.0 Dodging
 - Level 3.0 Stealth
 - Level 1.0 Shields


You had one spell level left.
You didn't know any spells.
Your spell library was empty.

Dungeon Overview and Level Annotations

Branches:
Dungeon (2/15)

Altars:

Annotations:
D:2 Terence


Innate Abilities, Weirdness & Mutations

You cannot wear boots.
Your serpentine skin is tough. (AC +0)
You have supernaturally acute eyesight. (SInv)
Armour fits poorly on your strangely shaped body.
Your system is resistant to poisons. (rPois)
You cover ground very slowly.
You can spit poison.


Message History

The jackal bites you. x2
The jackal closely misses you.
The jackal bites you. x2; The jackal barely misses you.
The jackal closely misses you. The jackal bites you.
* * * LOW HITPOINT WARNING * * *
The jackal bites you.
* * * LOW HITPOINT WARNING * * *
The jackal bites you.
* * * LOW HITPOINT WARNING * * *
The jackal bites you.
* * * LOW HITPOINT WARNING * * *
The jackal closely misses you. The jackal barely misses you.
The jackal closely misses you. The jackal bites you.
* * * LOW HITPOINT WARNING * * *
The jackal bites you.
* * * LOW HITPOINT WARNING * * *
The jackal barely misses you.
There is a stone staircase leading up here.
The jackal bites you.
You die...

#.# #.# ## #.. .# #.#
.# ####.# .# ..##.# .#
##)##.# .# ..##.#####.#
.#######.##...hh@.#
.........##..@Bhh.###.#
.###.##.[.....h.#.....
#................####
#.#.###.##......## ....
#.##.##.#.## ...
#.##.##.#..# ..
.....##.##)# .
.#....#.##.#


You could see Terence, 5 jackals and a giant cockroach.

Vanquished Creatures
  A dart slug (D:2)
  A ball python (D:2)
  A giant cockroach (D:1)
  2 goblins
  2 hobgoblins (D:2)
  5 kobolds
  3 bats
  A frilled lizard (D:1)
16 creatures vanquished.

Notes
Turn   | Place    | Note
-------+----------+-------------------------------------------
     0 | D:1      | MajorAdolf the Naga Wanderer began the quest for the Orb.
     0 | D:1      | MajorAdolf set off with the following items: a +2 spear, a
                  | potion of lignification, a scroll of teleportation, a +0
                  | robe, a +0 dagger
     0 | D:1      | Reached XP level 1. HP: 21/21 MP: 1/1
   537 | D:1      | Reached XP level 2. HP: 28/28 MP: 2/2
  1046 | D:2      | Reached skill level 1 in Dodging
  1157 | D:2      | Noticed Terence
  1168 | D:2      | HP: 1/28 [jackal (2)]
  1170 | D:2      | Slain by a jackal

Illustrated notes

Levels and vault maps discovered:
D:1:      evilmike_arrival_fibonacci_small, layout_basic,
          grunt_decor_mini_mirrors
D:2:      layout_loops_ring, uniq_terence

Skill      XL: |  1  2 |
---------------+-------+-----
Dodging        | 1 |  1.0
Fighting       | |  3.3
Maces & Flails | |  1.0
Polearms       | |  2.0
Armour         | |  1.4
Stealth        | |  3.0
Shields        | |  1.0

Action                   || total
-------------------------++-------
Melee: Spear             ||    46
 Abil: Spit Poison       ||     2
  Use: Potion            ||     1
 Stab: Sleeping          ||     4
Armor: Robe              ||     2
       Skin              ||     1
Dodge: Dodged            ||    23
